Map: 베를린그라드 - 래더

Players

Trap - Winner!

  • Race: Protoss Protoss

Ashbringer

  • Race: Protoss Protoss

Event: DreamHack SC2 Masters Last Chance 2022

VOD

Have the link to the VOD?

Description

Time

  • Played on: Dec. 15, 2021, 5:18 a.m.
  • Length: 6:32

All games in this series

Show
View Real Time Build Order
Export as new Build Order

Trap Protoss - Winner!

Build Orders: Phoenix Opening, Blink Stalkers 

Get SALT Encoding   

  12  0:00  Probe  
  13  0:12  Probe  
  14  0:18  Pylon  
  14  0:24  Probe (Chrono Boost)  
  15  0:37  Probe (Chrono Boost)  
  15  0:38  Gateway  
  16  0:45  Probe (Chrono Boost)  
  16  0:47  Assimilator  
  17  0:51  Probe  
  17  0:55  Assimilator  
  18  1:03  Probe (Chrono Boost)  
  19  1:10  Gateway  
  19  1:15  Probe (Chrono Boost)  
  20  1:20  Probe (Chrono Boost)  
  21  1:25  Cybernetics Core  
  21  1:29  Probe  
  22  1:36  Pylon  
  22  1:41  Probe  
  24  1:54  Probe  
  24  2:01  Stalker x2  
  24  2:03  Warp Gate  
  28  2:11  Shield Battery  
  28  2:17  Pylon  
  28  2:26  Pylon  
  32  2:41  Sentry x2  
  32  2:47  Nexus  
  32  2:51  Shield Battery  
  32  2:54  Probe  
  33  3:07  Probe  
  33  3:08  Stalker, Sentry  
  37  3:14  Phoenix  
  37  3:19  Probe, Pylon  
  38  3:27  Twilight Council  
  38  3:31  Probe  
  39  3:43  Probe  
  40  3:52  Stalker x2  
  45  3:55  Blink (Chrono Boost)  
  45  3:59  Probe x2 (Chrono Boost)  
  46  4:09  Probe (Chrono Boost)  
  48  4:10  Probe (Chrono Boost)  
  48  4:16  Adept  
  50  4:17  Adept  
  50  4:20  Probe  
  50  4:22  Probe  
  54  4:26  Shield Battery  
  54  4:27  Stalker x2  
  54  4:34  Robotics Facility  
  54  4:37  Pylon  
  54  4:38  Probe  
  54  4:39  Probe  
  54  4:44  Stalker  
  58  4:50  Stalker  
  60  4:53  Pylon  
  60  4:56  Shield Battery  
  60  5:08  Stalker x2  
  60  5:12  Shield Battery  
  60  5:16  Stalker x2  
  62  5:25  Immortal (Chrono Boost), Gateway  
  64  5:30  Gateway  
  64  5:33  Assimilator  
  64  5:44  Stalker  
  64  5:45  Stalker  
  70  6:13  Stalker, Zealot  
  70  6:14  Probe x2  
  70  6:17  Pylon  
  76  6:20  Pylon  
  76  6:25  Stalker  
Show
View Real Time Build Order
Export as new Build Order

Ashbringer Protoss 

Build Orders: Blink Stalkers 

Get SALT Encoding   

  12  0:00  Probe  
  13  0:12  Probe  
  14  0:17  Pylon  
  14  0:25  Probe (Chrono Boost)  
  16  0:37  Gateway, Probe (Chrono Boost)  
  16  0:42  Probe (Chrono Boost)  
  16  0:46  Assimilator  
  17  0:52  Probe (Chrono Boost)  
  17  0:54  Assimilator  
  18  1:05  Probe (Chrono Boost)  
  18  1:07  Gateway  
  19  1:13  Probe (Chrono Boost)  
  20  1:19  Probe  
  20  1:24  Cybernetics Core  
  21  1:31  Probe  
  22  1:35  Pylon  
  22  1:43  Probe  
  23  1:55  Probe  
  24  2:02  Stalker x2  
  24  2:04  Warp Gate  
  28  2:14  Pylon  
  28  2:21  Twilight Council  
  28  2:28  Pylon  
  28  2:40  Stalker  
  28  2:41  Stalker  
  32  3:04  Blink (Chrono Boost)  
  32  3:11  Gateway  
  32  3:26  Nexus  
  32  3:30  Shield Battery  
  32  3:36  Pylon  
  32  3:52  Stalker  
  34  3:57  Gateway  
  35  4:17  Probe (Chrono Boost)  
  35  4:23  Stalker x2  
  39  4:26  Pylon  
  39  4:30  Stalker  
  41  4:46  Stalker x2  
  41  4:52  Stalker  
  47  4:53  Stalker  
  48  5:09  Stalker x2  
  48  5:17  Probe (Chrono Boost)  
  48  5:19  Stalker  
  49  5:28  Probe (Chrono Boost)  
  49  5:31  Adept  
  49  5:33  Stalker  
  53  5:45  Stalker  
  53  5:49  Pylon  
  49  6:14  Stalker x3  

Tags
 
Add a new tag
Caveats
  • Supply blocks, unpowered buildings, or Contaminate may cause inaccurate times.
  • Supply counts are checked every 10 seconds.